 Dungeon Crawl Stone Soup version 0.29.1-12-g30fa7ad0bf (webtiles) character file.

Game seed: 14289868827126348199

33254 Flaz the Brawler (level 13, -13/102 HPs)
             Began as a Ghoul Monk on Dec 17, 2022.
             Was a High Priest of Trog.
             Shot with an arrow by Nessos (24 damage)
             ... on level 4 of the Lair of Beasts.
             The game lasted 01:14:17 (17595 turns).

Flaz the Brawler (Ghoul Monk)                      Turns: 17595, Time: 01:14:17

Health: -13/102    AC: 16    Str: 26    XL:     13   Next: 69%
Magic:  12/12      EV: 13    Int:  5    God:    Trog [*****.]
Gold:   608        SH:  5    Dex: 11    Spells: 12/12 levels left

rFire   . . .      SeeInvis .     - Unarmed
rCold   + . .      Faith    .   l - orb {light}
rNeg    + + +      Spirit   .   j - +3 ring mail {Will+}
rPois   ∞          Reflect  +   v - +1 helmet
rElec   .          Harm     .   P - +2 cloak {rCorr}
rCorr   +          Rampage  .   (no gloves)
Will    +....                   z - +0 pair of boots
Stlth   +.........              t - amulet of reflection
HPRegen 0.00/turn               N - +4 ring of slaying
MPRegen 0.13/turn               n - +6 ring of strength

@: inhibited regen, glowing
A: claws 1, cold resistance 1, negative energy resistance 3, inhibited
regeneration, torment resistance 2, devour on kill
a: Renounce Religion, Trog's Hand, Brothers in Arms


You were on level 4 of the Lair of Beasts.
You worshipped Trog.
Trog was extremely pleased with you.
You visited 3 branches of the dungeon, and saw 17 of its levels.

You collected 946 gold pieces.
You spent 338 gold pieces at shops.

Inventory:

Hand Weapons
 J - the +3 sling "Kum Jui" {flame, rElec rF+}
   (You took it off a hobgoblin on level 4 of the Dungeon)

   Any ammunition fired from it burns those it strikes, dealing additional fire
   damage.
   rF:        It protects you from fire.
   rElec:     It insulates you from electricity.
Missiles
 h - 10 throwing nets
 i - 2 curare-tipped darts
 r - 6 datura-tipped darts
 y - 16 poisoned darts (quivered)
 E - 2 boomerangs of dispersal
 L - 37 javelins
 S - 6 atropa-tipped darts
 T - 17 silver boomerangs
Armour
 e - a +0 kite shield
 j - a +3 ring mail of willpower (worn)
 l - an orb of light (worn)
 v - a +1 helmet (worn)
 x - a scarf of repulsion
 z - a +0 pair of boots (worn)
 P - a +2 cloak of preservation (worn)
 Z - a +2 scale mail of fire resistance
Jewellery
 a - an amulet of faith
 n - a +6 ring of strength (right claw)
 t - an amulet of reflection (around neck)
 G - a +6 ring of intelligence
 H - a ring of protection from fire
 N - a +4 ring of slaying (left claw)
Wands
 K - a wand of flame (3)
 O - a wand of iceblast (7)
Scrolls
 d - 2 scrolls of amnesia {unknown}
 m - 3 scrolls of fear
 o - 8 scrolls of fog
 s - 4 scrolls of poison {unknown}
 B - 3 scrolls of enchant weapon {unknown}
 C - 7 scrolls of teleportation
 D - 4 scrolls of silence {unknown}
 F - 5 scrolls of magic mapping
 M - a scroll of summoning
 R - 2 scrolls of vulnerability {unknown}
 U - 2 scrolls of torment
 W - a scroll of blinking
Potions
 b - 2 potions of ambrosia
 c - 2 potions of mutation {unknown}
 g - 4 potions of invisibility
 k - 4 potions of might
 p - 3 potions of attraction
 q - a potion of haste {unknown}
 u - a potion of curing
 A - 3 potions of resistance {unknown}
 Q - 3 potions of flight {unknown}
 Y - a potion of cancellation
Miscellaneous
 V - a lightning rod (4/4)


   Skills:
 + Level 5.7 Fighting
 + Level 7.1 Throwing
 + Level 7.1 Armour
 + Level 6.3 Dodging
 - Level 5.0 Stealth
 * Level 19.9 Unarmed Combat


You had 12 spell levels left.
You didn't know any spells.
Your spell library was empty.

Dungeon Overview and Level Annotations

Branches:
Dungeon (12/15)            Temple (1/1) D:4            Lair (4/5) D:11
 Shoals (0/4) Lair:3        Snake (0/4) Lair:3          Orc (0/2) D:10
  Slime: Lair:4-5

Altars:
Ashenzari
Cheibriados
Dithmenos
Fedhas
Gozag
Hepliaklqana
Kikubaaqudgha
Makhleb
Nemelex Xobeh
Okawaru
Qazlal
Ru
Sif Muna
Trog
Uskayaw
Vehumet
Wu Jian
Xom
Yredelemnul
Lugonu

Shops:
D:7 (   D:9 *[?*!   D:11 [

Annotations:
D:5 exclusion: downstairs
D:10 2 transporters, exclusion: downstairs
D:12 Frank's ghost, novice DgFi
Lair:4 Nessos


Innate Abilities, Weirdness & Mutations

You are immune to poison.
You have sharp fingernails.
Your flesh is cold resistant. (rC+)
You are immune to negative energy. (rN+++)
You do not regenerate when monsters are visible.
You are immune to unholy pain and torment.
You thrive by killing the living.


Message History

You feel much better.
Nessos shoots an arrow.
The arrow hits you. The arrow burns you.
Nessos gestures wildly while chanting.
Nessos blinks!
Nessos shoots an arrow.
The arrow hits you! The arrow burns you.
* * * LOW HITPOINT WARNING * * *
You feel much better.
Nessos shoots an arrow.
You reflect the arrow off an invisible shield around you!
The arrow hits Nessos!
The arrow burns Nessos.
Nessos looks as sick as possible!
Nessos shoots an arrow.
The arrow barely misses you.
Nessos shoots an arrow.
The arrow closely misses you.
Nessos shoots an arrow.
The arrow hits you! The arrow burns you.
Nessos shoots an arrow.
The arrow hits you!
* * * LOW HITPOINT WARNING * * *
The arrow burns you.
* * * LOW HITPOINT WARNING * * *
There is a stone staircase leading up here.
You feel much better.
Nessos shoots an arrow.
The arrow hits you! The arrow burns you.
Nessos gestures wildly while chanting.
Nessos blinks!
You feel much better.
Nessos shoots an arrow.
The arrow hits you! The arrow burns you!
Nessos shoots an arrow.
The arrow hits you!
* * * LOW HITPOINT WARNING * * *
The arrow burns you.
* * * LOW HITPOINT WARNING * * *
You feel better.
Nessos stands on their hind legs for a moment.
Nessos shoots an arrow.
The arrow hits you!
* * * LOW HITPOINT WARNING * * *
The arrow burns you.
* * * LOW HITPOINT WARNING * * *
Nessos shoots an arrow.
The arrow closely misses you.
Nessos shoots an arrow.
You reflect the arrow off an invisible shield around you!
The arrow hits Nessos!
The arrow burns Nessos.
Nessos looks as sick as possible!
You feel better.
Nessos gestures wildly while chanting.
Nessos blinks!
Nessos shoots an arrow.
The arrow hits you!!
You die...

###.#.......##
#...†..#.....# ##########
.....###....####........#
.†P.####.......#.c......##
.P###
#.....÷.#.......:..## §##
#P...†.F†#.......)..## ##
###....#.#...§.......#P# #
##...###..............# #
#...## #.@#..........## .#
###.P# ##..#..........# #
.# #### ###.##........# ##
## ##.#.......## #P #
##.###....####. #
##.##..P.#....
#..#P.....### #.#....#####
###..P.#


You could see Nessos (fast, extremely poisoned) and a blink frog.

Vanquished Creatures
  3 boulder beetles
  A centaur warrior (D:11)
  2 two-headed ogres
  3 death yaks
  A tengu warrior (D:9)
  A deep elf knight (D:11)
  A deep elf archer (D:11)
  A wizard (D:9)
  An orc knight (D:11)
  Pikel (D:6)
  A deep elf pyromancer (D:11)
  An ugly thing (D:11)
  A manticore (D:10)
  6 elephants (Lair:3)
  2 black mambas (Lair:3)
  A gargoyle (D:11)
  3 cane toads
  An unseen horror (D:11)
  5 rime drakes
  3 komodo dragons
  2 polar bears
  12 blink frogs
  3 basilisks
  3 wyverns
  A vampire (D:11)
  40 yaks
  4 wraiths
  4 vampire mosquitoes
  2 steam dragons
  An acid dragon (D:11)
  Edmund (D:6)
  18 water moccasins
  4 sky beasts
  14 orc warriors (D:11)
  A centaur (D:9)
  A phantom (D:5)
  2 lemures (D:6)
  Blork the orc (D:6)
  4 kobold brigands
  4 scorpions
  14 bullfrogs
  8 wights
  5 killer bees (D:9)
  A crimson imp (D:8)
  7 howler monkeys
  3 jellies
  3 hounds
  Crazy Yiuf (D:6)
  2 orc priests
  Terence (D:3)
  3 iguanas
  4 orc wizards
  9 adders
  3 gnolls (D:4)
  A shadow imp (D:6)
  A white imp (D:7)
  2 ufetubi (D:5)
  4 dart slugs
  13 orcs
  2 ball pythons (D:1)
  4 bats
  6 endoplasms
  4 giant cockroaches
  9 goblins
  9 hobgoblins
  7 jackals (D:1)
  20 kobolds
  2 quokkas
  2 frilled lizards (D:2)
  6 rats
317 creatures vanquished.

Vanquished Creatures (others)
  2 bushes (D:11)
  A butterfly (D:3)
  13 fungi
  50 plants
66 creatures vanquished.

Grand Total: 383 creatures vanquished

Notes
Turn   | Place    | Note
-------+----------+-------------------------------------------
     0 | D:1      | Flaz the Ghoul Monk began the quest for the Orb.
     0 | D:1      | Reached XP level 1. HP: 19/19 MP: 0/0
    28 | D:1      | Reached XP level 2. HP: 18/26 MP: 1/1
    38 | D:1      | Reached skill level 4 in Unarmed Combat
   774 | D:1      | Found a faded altar of an unknown god.
   801 | D:1      | Reached XP level 3. HP: 31/31 MP: 2/2
  1458 | D:2      | Reached skill level 5 in Unarmed Combat
  1834 | D:2      | Reached XP level 4. HP: 38/38 MP: 3/3
  2186 | D:3      | Noticed Terence
  2195 | D:3      | Killed Terence
  2820 | D:4      | Reached skill level 6 in Unarmed Combat
  2820 | D:4      | Reached XP level 5. HP: 37/45 MP: 4/4
  3223 | D:4      | Reached skill level 7 in Unarmed Combat
  3223 | D:4      | Reached XP level 6. HP: 49/51 MP: 5/5
  3296 | D:4      | Found a staircase to the Ecumenical Temple.
  3307 | Temple   | Entered the Ecumenical Temple
  3619 | D:4      | Identified the +3 sling "Kum Jui" {flame, rElec rF+}
  4189 | D:5      | Entered Level 5 of the Dungeon
  4273 | D:5      | Reached skill level 8 in Unarmed Combat
  4477 | D:5      | Reached XP level 7. HP: 55/57 MP: 6/6
  5074 | D:5      | Reached skill level 1 in Armour
  5139 | D:6      | Noticed Pikel
  5272 | D:6      | Reached skill level 9 in Unarmed Combat
  5656 | D:6      | Reached XP level 8. HP: 56/63 MP: 7/7
  5775 | D:6      | Found a runed translucent door.
  5791 | D:6      | Noticed Crazy Yiuf
  5799 | D:6      | Killed Crazy Yiuf
  5911 | D:6      | Found a sparkling altar of Nemelex Xobeh.
  5944 | D:6      | Noticed Edmund
  5954 | D:6      | Killed Edmund
  5955 | D:6      | Reached skill level 10 in Unarmed Combat
  6041 | D:6      | Noticed Blork the orc
  6049 | D:6      | Killed Blork the orc
  6127 | D:6      | Killed Pikel
  6128 | D:6      | Reached skill level 11 in Unarmed Combat
  6128 | D:6      | Reached XP level 9. HP: 70/70 MP: 8/8
  6708 | D:7      | Found a bloodstained altar of Trog.
  6711 | D:7      | Became a worshipper of Trog the Wrathful
  6711 | D:7      | Reached * piety under Trog
  6711 | D:7      | Reached ** piety under Trog
  6818 | D:7      | Reached skill level 12 in Unarmed Combat
  6967 | D:7      | Found Gotej's Weapon Emporium.
  7396 | D:8      | Reached skill level 13 in Unarmed Combat
  7813 | D:8      | Found a radiant altar of Vehumet.
  7814 | D:8      | Found a burning altar of Makhleb.
  8492 | D:9      | Found a sacrificial altar of Ru.
  8520 | D:9      | Reached skill level 14 in Unarmed Combat
  8525 | D:9      | Reached XP level 10. HP: 77/77 MP: 9/9
  8580 | D:9      | Found an opulent altar of Gozag.
  8587 | D:9      | Found a stormy altar of Qazlal.
  8591 | D:9      | Found a shadowy altar of Dithmenos.
  8629 | D:9      | Found Gucoxior's Distillery.
  8683 | D:9      | Found Imifrol's Magic Scroll Emporium.
  8683 | D:9      | Found Eraorode's Armour Emporium.
  8713 | D:9      | Reached skill level 15 in Unarmed Combat
  8730 | D:9      | Noticed a two-headed ogre
  8778 | D:9      | Found Akholoh's Assorted Antiques.
  8784 | D:9      | Bought a potion of might for 48 gold pieces
  8804 | D:9      | Killed a two-headed ogre
  8805 | D:9      | Reached skill level 16 in Unarmed Combat
  8917 | D:9      | Bought a scroll of teleportation for 39 gold pieces
  8917 | D:9      | Bought a scroll of blinking for 97 gold pieces
  8917 | D:9      | Bought a scroll of magic mapping for 97 gold pieces
  8917 | D:9      | Bought a scroll of identify for 26 gold pieces
  8924 | D:9      | Bought a scroll labelled TUNGAACZEBIL for 31 gold pieces
  8927 | D:9      | Identified a scroll of acquirement
  8969 | D:9      | Found Zyvour's Assorted Antiques.
  9237 | D:9      | You fall into a shaft and drop 3 floors!
  9240 | D:12     | Noticed a minotaur
  9242 | D:12     | Noticed a skeletal warrior
  9242 | D:12     | Noticed Frank's ghost (novice DgFi)
  9243 | D:12     | Noticed a boulder beetle
  9261 | D:11     | Noticed a red ugly thing
  9324 | D:11     | Found Uhesit's Armour Shop.
  9334 | D:11     | Noticed a gargoyle
  9336 | D:10     | Entered Level 10 of the Dungeon
  9336 | D:10     | Noticed a red ugly thing
  9345 | D:10     | Reached *** piety under Trog
  9346 | D:10     | Reached skill level 1 in Throwing
  9366 | D:10     | Reached XP level 11. HP: 51/82 MP: 10/10
  9595 | D:10     | Noticed a brown ugly thing
  9596 | D:10     | Noticed a red ugly thing
  9668 | D:9      | Found an ornate altar of the Wu Jian Council.
  9668 | D:9      | Noticed a wizard
  9668 | D:9      | Noticed a tengu warrior
  9809 | D:9      | Killed a tengu warrior
  9810 | D:9      | Reached skill level 5 in Armour
  9903 | D:9      | Killed a wizard
 10470 | D:10     | Reached skill level 17 in Unarmed Combat
 10590 | D:10     | Found a staircase to the Orcish Mines.
 10650 | D:10     | Found a shimmering altar of Xom.
 10713 | D:10     | Reached **** piety under Trog
 10830 | D:10     | Found a transporter.
 10833 | D:10     | Found a transporter.
 10833 | D:10     | Noticed a red ugly thing
 10834 | D:10     | Found a corrupted altar of Lugonu.
 11088 | D:11     | Noticed a manticore
 11557 | D:11     | Noticed a deep elf pyromancer
 11562 | D:11     | Noticed a deep elf knight
 11562 | D:11     | Noticed a centaur warrior
 11562 | D:11     | HP: 1/82 [deep elf knight/shard of ice (14)]
 11578 | D:11     | Killed a deep elf knight
 11583 | D:11     | Killed a centaur warrior
 11588 | D:11     | Reached skill level 5 in Throwing
 11601 | D:11     | Reached XP level 12. HP: 67/89 MP: 11/11
 11760 | D:11     | Identified the +7 lajatang of the Spider {vamp, rElec}
 11839 | D:11     | Reached skill level 5 in Stealth
 11839 | D:11     | Found an iron altar of Okawaru.
 12049 | D:10     | Noticed a boulder beetle
 12097 | D:11     | Found a staircase to the Lair.
 12499 | D:11     | Reached skill level 5 in Dodging
 12515 | D:11     | Reached skill level 18 in Unarmed Combat
 12656 | D:10     | Noticed a radroach
 12859 | D:11     | Noticed a two-headed ogre
 12871 | D:11     | Killed a two-headed ogre
 13405 | D:12     | Noticed a boulder beetle
 13655 | D:12     | Killed a boulder beetle
 13777 | Lair:1   | Entered Level 1 of the Lair of Beasts
 13837 | Lair:1   | Reached skill level 19 in Unarmed Combat
 15031 | Lair:2   | Noticed a boulder beetle
 15051 | Lair:2   | Killed a boulder beetle
 15052 | Lair:2   | Reached XP level 13. HP: 67/96 MP: 12/12
 16247 | Lair:3   | Found a staircase to the Snake Pit.
 16280 | Lair:3   | Reached ***** piety under Trog
 16494 | Lair:3   | Found a staircase to the Shoals.
 16526 | Lair:3   | Reached skill level 5 in Fighting
 17564 | Lair:4   | Noticed Nessos
 17595 | Lair:4   | Shot with an arrow by Nessos

Illustrated notes

Levels and vault maps discovered:
D:1:      scummos_arrival_simple_fountains, layout_basic, serial_rivers,
          chequers_serial_rivers_marsh, chequers_serial_rivers_micro_d,
          chequers_serial_rivers_micro_e, chequers_serial_rivers_room_b,
          chequers_serial_rivers_small_b,
          shapermc_ecumenical_altar_mp_highgroup, minmay_three_crescents
D:2:      layout_basic
D:3:      layout_rooms, nicolae_elyvilon_peaceful_grove, wad_woods_river_04,
          nicolae_elevator_lobby_asterisk, uniq_terence
D:4:      minmay_evil_eye, layout_gridville, minmay_temple_entry_grid
D:5:      lemuel_ice_spiral_2, layout_basic, tso_oasis_becter,
          guppyfry_early_lair_pool
D:6:      layout_loops_ring, mainiacjoe_overflow_alcove_1,
          hangedman_glass_teeth, corexii_item_surrounded_by_moat,
          chequers_serial_rivers_large_a, uniq_blork_the_orc,
          uniq_crazy_yiuf_cottage, uniq_pikel, uniq_edmund
D:7:      layout_rooms, kennysheep_mini_moat, serial_shops,
          nicolae_shop_bloodbath_and_beyond
D:8:      layout_layer_cave, grunt_temple_overflow_lords_of_destruction,
          small_statue_alley_b
D:9:      layout_basic, mainiacjoe_overflow_small_starburst, minitemple,
          serial_shops, shop, minmay_shop_grid_forest, minmay_ruined_shrine
D:10:     gammafunk_corrupted_shrine, layout_long_grid, marbit_many_paths
D:11:     evilmike_iron_armoury, layout_cave_pools, minmay_lair_entry_grove,
          serial_shops, nicolae_shop_behind_doors, portal_ice_cave_rime
D:12:     layout_irregular_city, maelrawn_ghost_gauntlet_escape, uniq_sonja
Temple:   bh_familiar_temple
Lair:1:   layout_cave_pods, serial_bayou_crossing
Lair:2:   layout_roguey, nzn_sisyphean_effort
Lair:3:   layout_regular_city, elwin_shoals_entry_rocks,
          minmay_snake_entry_six_corridors
Lair:4:   layout_cave_pods, slime_entry_1, basic_altar, gauntlet_entry_generic,
          uniq_nessos

Skill      XL: |  1  2  3  4  5  6  7  8  9 10 11 12 13 |
---------------+----------------------------------------+-----
Unarmed Combat | 4 5 6 7 8 9 11 14 16 17 19 | 19.9
Armour         | 2 4 6 7 |  7.1
Dodging        | 3 4 5 6 |  6.3
Stealth        | 3 4 5 |  5.0
Throwing       | 1 5 6 7 |  7.1
Fighting       | 5 |  5.7

Action                   |  1- 3 |  4- 6 |  7- 9 | 10-12 | 13-15 || total
-------------------------+-------+-------+-------+-------+-------++-------
Melee: Unarmed           |   105 |   148 |   235 |   462 |   172 ||  1122
       Punch             |       |     5 |       |       |       ||     5
 Fire: Sling             |       |     1 |       |       |       ||     1
Throw: Dart              |       |       |    18 |    49 |    16 ||    83
       Boomerang         |       |       |       |     3 |       ||     3
       Javelin           |       |       |       |    17 |     5 ||    22
  Use: Scroll            |       |       |       |    21 |     2 ||    23
       Potion            |       |       |       |     4 |     7 ||    11
 Stab: Sleeping          |     1 |     1 |       |       |       ||     2
Armor: Leather armour    |    16 |    41 |     2 |       |       ||    59
       Robe              |     4 |       |       |       |       ||     4
       Ring mail         |       |       |    78 |   115 |    38 ||   231
Dodge: Dodged            |    49 |    71 |    71 |   170 |    64 ||   425
Block: Other             |     2 |    27 |    16 |       |       ||    45
       Reflection        |       |     1 |     1 |     2 |     4 ||     8
       Orb               |       |       |    19 |    72 |    20 ||   111
